[Event "*** Qualifier 2: Titled Tuesday 3|2 Blitz"]
[Site "Chess.com"]
[Date "2017.04.11"]
[Round "10"]
[White "JoachimBN"]
[Black "Witik"]
[Result "1-0"]
[WhiteElo "2583"]
[BlackElo "2521"]
[TimeControl "180+2"]
[EndTime "15:26:47 PDT"]
[Termination "JoachimBN won by resignation"]

1. c4 e5 2. g3 c6 3. Nf3 d6 4.
Nc3 f5 5. d4 e4 6. Nh4 Be7 7.
Ng2 Be6 8. Qb3 Qb6 9. Qxb6 axb6 10. d5 Bf7 11. Ne3 Nh6 12. Bh3 g6 13. O-O O-O 14. f3 exf3 15. exf3 Kg7 16. f4 Nd7 17. Bg2 Rac8 18.
Rd1 Ng8 19. Rb1 Ngf6 20. b3 Kg8 21. Ba3 Nc5 22. dxc6 bxc6 23. Na4 Nfe4 24. Nxb6 Rb8 25. Bxe4 Nxe4 26. Na4 Rfe8 27. Rd3 Bf8 28. Bb2 h5 29. Rbd1 h4 30. g4 fxg4 31. Nxg4 Re6 32. Re1 Bg7 33. Bxg7 Kxg7 34. Nf2 Nxf2 35. Kxf2 Rf6 36. Rd4 g5 37.
Nc3 Bg6 38. Re7+ Kh6 39. Rd7 Rbf8 40. R7xd6 Rxd6 41. Rxd6 Rxf4+ 42. Ke3 h3 43. Rxc6 Rg4 44. Rf6 Rg1 45. Rf2 g4 46. Ne2 Ra1 47. Nf4 Kg5 48.
Nxg6 Kxg6 49. c5 Kg5 50. Rc2 g3 51. hxg3 Re1+ 52. Kd3 Kg4 53. c6 Re8 54. b4 Kxg3 55.
b5 h2 56. Rc1 Rc8 57. Kc4 Kg2 58. Kc5 Rf8 59. c7 Rf1 60. Rxf1 Kxf1 61. c8=Q h1=Q 62. Qf5+ Ke2 63. Qc2+ Kf3 64. Qd3+ Kf4 65. Qd4+ Kg3 66. b6 Qc1+ 67. Kd6 Qa3+ 68. Qc5 Qxa2 69. b7 Qb3 70.
Kc7 Qf7+ 71. Kc6 Qf3+ 72. Qd5 Qc3+ 73. Kd7 Qg7+ 74. Kc8 Qf8+ 75. Qd8 Qf5+ 76. Qd7 Qf8+ 77. Kc7 Qc5+ 78. Qc6 Qe7+ 79. Kb6 Qb4+ 80. Ka7 Qa3+ 81. Qa6 Qc5+ 82. Qb6 Qa3+ 83. Qa6 Qc5+ 84. Ka8 Qd5 85. Qb6 Qa2+ 86. Qa7 Qd5 87. Qb8+ Kg2 88. Qe8 Qa2+ 89. Kb8 Qd5 90. Kc7 Qc5+ 91. Qc6+ Qxc6+ 92. Kxc6 1-0

[Event "*** Qualifier 2: Titled Tuesday 3|2 Blitz"]
[Site "Chess.com"]
[Date "2017.04.11"]
[Round "10"]
[White "Infernal_XaM"]
[Black "Spartakus1975"]
[Result "1/2-1/2"]
[WhiteElo "2724"]
[BlackElo "2556"]
[TimeControl "180+2"]
[EndTime "15:26:56 PDT"]
[Termination "Game drawn - insufficient material"]

1. Nf3 d5 2. g3 c6 3. Bg2 Bg4 4.
O-O Nd7 5. h3 Bxf3 6. Bxf3 e5 7.
Bg2 Ngf6 8. d3 Be7 9. c4 dxc4 10.
dxc4 O-O 11. Qc2 a5 12. Nc3 Qc7 13. b3 Nc5 14. Rd1 Rfd8 15. Bb2 h6 16. Rxd8+ Rxd8 17. Rd1 Ne6 18. e3 Nc5 19. Kf1 h5 20. Ke2 g6 21. Rxd8+ Qxd8 22. Nb1 Qd6 23. Nd2 Bd8 24. Ba3 Be7 25. Bb2 Nfd7 26. Qc3 Bd8 27. Ne4 Nxe4 28. Bxe4 Bc7 29. Qd2 f5 30. Bc2 Qxd2+ 31. Kxd2 e4 32. g4 hxg4 33. hxg4 Kf7 34.
gxf5 gxf5 35. Ke2 Ke6 36. Bc3 b6 37. f3 exf3+ 38. Kxf3 Ne5+ 39. Ke2 Ng4 40. Bd1 Be5 41. Be1 Bd6 42. Bh4 Bc5 43. Bg5 Bd6 44. Bc2 Bc5 45.
Kf3 Ne5+ 46. Ke2 Ng4 47. Bf4 Ne5 48. Kf2 Ng4+ 49. Kf3 Ne5+ 50. Kg3 Ng6 51. Bg5 Bd6+ 52. Kf2 Ne5 53. e4 fxe4 54. Bxe4 Be7 55. Bd2 a4 56.
Ke2 axb3 57. axb3 b5 58. cxb5 cxb5 59. Bc3 Bc5 60. Bh7 Nc6 61. Be1 Ke5 62. Kd3 Nb4+ 63. Kd2 Nd5 64. Bg3+ Kf6 65. Be4 Ne7 66. Kd3 Ke6 67.
Bb7 Nf5 68. Be1 Nd6 69. Bg2 Ke5 70. Bg3+ Ke6 71. Bf4 Ke7 72. Bd5 Kd7 73. Bg5 Kc7 74. Ke2 Nf5 75. Kf3 Nd4+ 76. Ke4 Nc6 77. Bf4+ Kb6 78.
Bd2 Nb4 79. Be6 Nc6 80. Bd7 Nb4 81. Kf5 Nc6 82. Ke4 Nb4 83. Bg5 Nc6 84. Bf6 Bg1 85. Be8 Bf2 86. Kd5 Nb4+ 87. Kd6 Bc5+ 88. Kd7 Nc6 89.
Bg6 Nd4 90. Bd8+ Kb7 91. Bf7 Nxb3 92. Bxb3 b4 93. Bd5+ Ka7 94. Kc6 Bd4 95. Bc4 b3 96. Bxb3 Be3 97. Bc4 Bf2 98. Ba5 Be3 99. Kc7 Bf2 100.
Kc8 Be3 101. Bc7 Bf2 102. Ba6 Kxa6 1/2-1/2

[Event "*** Qualifier 2: Titled Tuesday 3|2 Blitz"]
[Site "Chess.com"]
[Date "2017.04.11"]
[Round "10"]
[White "Indianlad"]
[Black "Kacparov"]
[Result "1/2-1/2"]
[WhiteElo "2588"]
[BlackElo "2610"]
[TimeControl "180+2"]
[EndTime "15:27:05 PDT"]
[Termination "Game drawn by stalemate"]

1. e4 c5 2. Nf3 e6 3. d4 cxd4 4.
Nxd4 a6 5. Nc3 Qc7 6. Qd3 Nc6 7. Nxc6 bxc6 8. b3 Nf6 9. Bb2 d5 10.
O-O-O Bd6 11. Kb1 O-O 12. g3 a5 13. f4 Ba6 14. Qf3 Be7 15. g4 Bxf1 16. Rhxf1 a4 17. g5 Nxe4 18. Nxe4 dxe4 19. Qc3 e5 20. fxe5 Qa5 21.
Qxa5 Rxa5 22. h4 axb3 23. axb3 Ba3 24. Bxa3 Rxa3 25. Rde1 Rfa8 26. Kb2 Ra2+ 27. Kc3 R8a5 28. Rxe4 Rc5+ 29. Rc4 Rxc4+ 30. bxc4 c5 31. Rb1 Kf8 32. Rb5 Ra3+ 33. Rb3 Ra1 34. Rb5 Ra3+ 35. Rb3 Ra1 36. Kd3 Rd1+ 37. Kc3 Re1 38. Rb8+ Ke7 39. Rb7+ Ke6 40. Rb6+ Ke7 41. Rb7+ Ke6 42. Kd3 Rxe5 43.
Rb8 Kf5 44. Rd8 h6 45. gxh6 gxh6 46. Rd5 Ke6 47. Rd8 Rh5 48. Rc8 Kd7 49. Rf8 Ke7 50. Rc8 Kd6 51. Rf8 Rxh4 52. Rxf7 Rh3+ 53. Ke4 Rh4+ 54.
Kd3 Rh3+ 55. Kd2 Rh4 56. Kc3 Rh3+ 57. Kb2 Ke5 58. Rd7 Rh4 59. Rd5+ Ke6 60. Kb3 Rh3+ 61. c3 h5 62. Rxc5 Kd6 63. Rc8 Rh1 64. c5+ Kd7 65.
Rh8 Rh4 66. Rh6 Kc7 67. Rg6 Kb7 68. Rb6+ Kc7 69. Rh6 Kb7 70. c4 Rh1 71. c6+ Kc7 72.
Kb4 Rg1 73. Kb5 Rg5+ 74. c5 Rg7 75. Rxh5 Rf7 76. Rd5 Kc8 77. Rh5 Kc7 78. Rh8 Rg7 79.
Ra8 Rg1 80. Ra7+ Kb8 81. c7+ Kc8 82. Kb6 Rg6+ 83. Kb5 Rh6 84. Ra8+ Kxc7 85. Ra7+ Kb8 86. Rg7 Kc8 87. Ra7 Kb8 88. Rd7 Kc8 89. Ra7 Kb8 90. Ra6 Rxa6 91. Kxa6 Kc7 92. Kb5 Kb7 93. Kb4 Kc6 94.
Kc4 Kc7 95. Kd5 Kd7 96. c6+ Kc7 97. Kc5 Kc8 98. Kd6 Kd8 99. Ke5 Kc7 100. Kd5 Kc8 101.
Kd6 Kd8 102. c7+ Kc8 103. Kc6 1/2-1/2